 Seeded DCSS version 0.28-a0-794-gafe8c5f9e9 (webtiles) character file.

Game seed: 20211110 (custom seed)

26 a11behringer the Insei (level 3, -2/27 HPs)
             Began as a Djinni Transmuter on Nov 5, 2021.
             Was a Follower of Ru.
             Slain by Natasha (8 damage)
             ... on level 2 of the Dungeon.
             The game lasted 00:06:45 (2202 turns).

a11behringer the Insei (Djinni Transmuter)          Turns: 2202, Time: 00:06:45

Health: -2/27      AC:  3    Str:  9    XL:     3   Next: 22%
Gold:   30         EV: 12    Int: 15    God:    Ru [*.....] SH:  0 Dex: 13

rFire   + + .      SeeInvis .     - Unarmed
rCold   x . .      Faith    .   (no shield)
rNeg    . . .      Spirit   .   a - +1 robe
rPois   ∞          Reflect  .   (helmet currently unavailable)
rElec   .          Harm     .   (no cloak)
rCorr   .          Rampage  .   (no gloves)
Will    .....                   (boots unavailable)
Stlth   +.........              (no amulet)
HPRegen 0.09/turn               (no ring)
MPRegen 0.00/turn               (no ring)

@: appendages (expiring), flying, unable to read
A: horns 2, flying, sickness immunity, fire resistance 2, cold vulnerability 1,
inability to read while threatened, float, innate caster, hp casting, extra
vitality 1
a: End Transformation, Renounce Religion


You were on level 2 of the Dungeon.
You worshipped Ru.
Ru was aware of your devotion.
You had temporarily grown beastly horns.
You visited 1 branch of the dungeon, and saw 2 of its levels.

You collected 30 gold pieces.

Inventory:

Armour
 a - a +1 robe (worn)
 b - a +0 plate armour
 d - a +3 scale mail
Potions
 c - a potion of berserk rage {unknown}


   Skills:
 + Level 1.1 Fighting
 + Level 2.5 Dodging
 + Level 3.6 Unarmed Combat
 * Level 1.9 Spellcasting


You couldn't memorise any spells.
You knew the following spells:

 Your Spells              Type           Power      Damage    Failure   Level
a - Beastly Appendage     Tmut           14%        N/A       10%         1
b - Wereblood             Tmut           7%         N/A       16%         2
c - Spider Form           Tmut/Pois      7%         N/A       30%         3
d - Ice Form              Ice/Tmut       7%         N/A       69%         4
e - Magic Dart            Conj           28%        1d4       10%         1
Your spell library was empty.

Dungeon Overview and Level Annotations

Branches:
Dungeon (2/15)

Altars:
Ru

Annotations:
D:2 Natasha


Innate Abilities, Weirdness & Mutations

You have temporarily grown beastly horns.
You are flying.
You are immune to sickness and miasma.
You are immune to poison.
Your flesh is very heat resistant. (rF++)
You are vulnerable to cold. (rC-)
You sometimes lose the ability to read scrolls when taking damage.
You float through the air rather than walking.
You learn spells naturally, not from books.
Your magical power is your life essence.
You have superior vitality. (+4 HP)


Message History

d - a +3 scale mail Natasha, Servant of Life and Death comes into view.
Natasha hisses angrily.
Natasha casts a spell at you. You resist with some effort.
Casting: Beastly Appendage (safe; 10% risk of failure)
Confirm with . or Enter, or press ? or * to list all spells.
You grow a pair of large bovine horns.
Natasha claws you.
You completely miss Natasha. Natasha claws you.
You hit Natasha. Your headbutt misses Natasha.
Natasha is moderately wounded.
You hit Natasha.
Natasha is moderately wounded.
Natasha claws you!
You feel threatened and lose the ability to read scrolls!
You hit Natasha.
Natasha is heavily wounded.
Natasha claws you!
* * * LOW HITPOINT WARNING * * *
You hit Natasha.
Natasha is severely wounded.
You hit Natasha. Your headbutt misses Natasha.
Natasha is almost dead.
Your transformation is almost over.
Natasha stares at you and mumbles some strange words.
You resist with some effort.
You hit Natasha.
Natasha is almost dead.
Natasha casts a spell.
You closely miss Natasha.
Natasha is almost dead.
Natasha mumbles some strange words.
Natasha's front paws start to glow.
Natasha claws you.
* * * LOW HITPOINT WARNING * * *
You closely miss Natasha.
Natasha is almost dead.
Natasha claws you!
You die...

. ..#######
#......#
+......+
#......#
#....h@###
......5...#
.########.#
#..<...#.#
#.#..#.#.#
#.#..#.#.#
#.##.#.#.#
#.##.#.#.#
#.##.#.#.#


You could see Natasha and a shadow imp (summoned).

Vanquished Creatures
  A dart slug (D:1)
  2 ball pythons (D:1)
  An endoplasm (D:1)
  A giant cockroach (D:1)
  5 hobgoblins (D:1)
  3 quokkas (D:1)
  3 bats (D:1)
  5 frilled lizards (D:1)
  A rat (D:1)
22 creatures vanquished.

Notes
Turn   | Place    | Note
-------+----------+-------------------------------------------
     0 | D:1      | a11behringer the Djinni Transmuter began the quest for the
                  | Orb.
     0 | D:1      | Reached XP level 1. HP: 17/17 MP: 0/0
   721 | D:1      | Reached XP level 2. HP: 5/22 MP: 0/0
  1044 | D:1      | Found a faded altar of an unknown god.
  1053 | D:1      | Prayed at the altar of an unknown god.
  1053 | D:1      | Became a worshipper of Ru the Awakened
  1560 | D:1      | Reached XP level 3. HP: 10/27 MP: 0/0
  1560 | D:1      | Learned a level 1 spell: Magic Dart
  2156 | D:1      | Gained mutation: You sometimes lose the ability to read
                  | scrolls when taking damage. [Ru sacrifice]
  2156 | D:1      | Reached * piety under Ru
  2191 | D:2      | Noticed Natasha
  2202 | D:2      | Slain by Natasha

Illustrated notes

Levels and vault maps discovered:
D:1:      dpeg_chamrin_arrival_tetris, layout_basic,
          dreamdust_ecumenical_altar_statues
D:2:      layout_basic, minmay_pentomino_x4, uniq_natasha

Action                   || total
-------------------------++-------
Melee: Unarmed           ||   121
       Headbutt          ||     4
       Punch             ||     3
 Cast: Beastly Appendage ||     8
       Wereblood         ||     1
Invok: Sacrifice Words   ||     1
  Use: Scroll            ||     5
 Stab: Sleeping          ||     1
Armor: Robe              ||    57
Dodge: Dodged            ||   121

Table legend: (Time is in decaauts)
 A = Elapsed time spent in this place.
 B = Non-inter-level travel time spent in this place.
 C = Inter-level travel time spent in this place.
 D = Time resting spent in this place.
 E = Time spent auto-exploring this place.
 F = Levels seen in this place.
 G = Mean time per level.
                   A        B        C        D        E       F      G
               +--------+--------+--------+--------+--------+-----+--------+
         Total |   2195 |   2114 |     81 |      0 |   1821 |   2 | 1097.5 |
       Dungeon |   2195 |   2114 |     81 |      0 |   1821 |   2 | 1097.5 |
               +--------+--------+--------+--------+--------+-----+--------+

Top non-repeatable levels by time:
     D:1: 2159 daAuts
     D:2: 35 daAuts
